 Dungeon Crawl Stone Soup version 0.24-a0-584-g9d6b971ae4 (webtiles) character file.

Game seed: 381320687852649585, levelgen mode: deterministic

48 Gynju the Skirmisher (level 3, -6/29 HPs)
             Began as a Demonspawn Abyssal Knight on Aug 30, 2019.
             Was a Follower of Lugonu.
             Mangled by an orc
             ... wielding a +0 hand axe
              (7 damage)
             ... on level 2 of the Dungeon.
             The game lasted 00:05:37 (2508 turns).

Gynju the Skirmisher (Demonspawn Abyssal Knight)    Turns: 2508, Time: 00:05:39

Health: -6/29      AC:  3    Str: 13    XL:     3   Next: 50%
Magic:  5/5        EV: 11    Int: 13    God:    Lugonu [*.....]
Gold:   72         SH:  0    Dex: 12    Spells: 2/2 levels left

rFire    + . .     SeeInvis .   f - +0 mace (drain)
rCold    + . .     Gourm    .   (no shield)
rNeg     . . .     Faith    .   b - +0 leather armour
rPois    .         Spirit   .   (no helmet)
rElec    .         Reflect  .   m - scarf {rC+ rF+}
rCorr    .         Harm     .   (no gloves)
MR       .....                  (no boots)
Stlth    +.........             (no amulet)
HPRegen  0.09/turn              (no ring)
MPRegen  0.09/turn              (no ring)

@: no status effects
A: hooves 2
a: Depart the Abyss, Renounce Religion


You were on level 2 of the Dungeon.
You worshipped Lugonu.
Lugonu was aware of your devotion.
You were hungry.

You visited 1 branch of the dungeon, and saw 3 of its levels.
You visited the Abyss 1 time.

You collected 72 gold pieces.

Inventory:

Hand Weapons
 a - a +1 falchion
 f - a +0 mace of draining (weapon)
Armour
 b - a +0 leather armour (worn)
 m - a scarf of resistance (worn)
Scrolls
 d - 4 scrolls of magic mapping {unknown}
 e - a scroll of remove curse {unknown}
 i - 2 scrolls of identify {unknown}
 k - a scroll of enchant weapon {unknown}
Potions
 h - a potion of haste {unknown}
 l - a potion of heal wounds {unknown}
Comestibles
 c - 6 rations


   Skills:
 + Level 3.2 Fighting
 * Level 2.5 Long Blades
 + Level 2.2 Armour
 + Level 1.3 Dodging
 + Level 3.0 Invocations


You had 2 spell levels left.
You didn't know any spells.
Your spell library was empty.

Dungeon Overview and Level Annotations

Branches:
Dungeon (3/15)

Altars:
Ashenzari
Elyvilon
Kikubaaqudgha
Qazlal
The Shining One


Innate Abilities, Weirdness & Mutations

You have hoof-like feet.


Message History

There is a stone staircase leading up here.
The orc barely misses you.
You climb upwards.
Reactivating autopickup.
There is a stone staircase leading down here.
You hit the orc wizard.
The orc wizard is lightly wounded.
The orc wizard misses you.
The orc wizard hits you but does no damage.
The orc barely misses you.
You closely miss the orc wizard.
The orc wizard is lightly wounded.
The orc wizard misses you. The orc closely misses you.
The orc wizard hits you with a +0 dagger.
* * * LOW HITPOINT WARNING * * *
You hit the orc wizard. You drain the orc wizard.
You kick the orc wizard, but do no damage.
The orc wizard is severely wounded.
The orc wizard closely misses you. The orc hits you with a +0 hand axe!
You die...

.............#.........#.#......#
.....).......#.#########.#.#.#..#
.............#.# #.#.#.#.##
.............#.# #.#.#.#...
.............#.# #.#.#.#.##
.............#.# #.#.#.#.##
.............#.# #.#.#.#...
.............#.#########.#.#.#.##
.....).........o@o.....[.#...#.#
.............#.#.###############
##########...#.#.#
##########..##.#.#
............##.#.#
.............#.#.#
...........#.#.#.#
##########.###.#.# ###8###.#


You could see an orc wizard and an orc.

Vanquished Creatures
  An adder (D:2)
  An ooze (D:2)
  A worm (D:2)
  A dart slug (D:1)
  2 leopard geckos
  4 bats
  2 goblins
  3 hobgoblins
  2 jackals (D:1)
  6 kobolds
  2 frilled lizards (D:2)
  5 rats
30 creatures vanquished.

Notes
Turn   | Place    | Note
-------+----------+-------------------------------------------
     0 | Abyss:1  | Gynju the Demonspawn Abyssal Knight began the quest for the
                  | Orb.
     0 | Abyss:1  | Reached XP level 1. HP: 18/18 MP: 2/2
    52 | Abyss:1  | Noticed a large abomination
    53 | D:1      | Escaped the Abyss
   277 | D:1      | Reached * piety under Lugonu
   277 | D:1      | Reached skill level 1 in Dodging
   289 | D:1      | Gained mutation: You have large cloven feet. [demonic
                  | ancestry]
   289 | D:1      | Reached XP level 2. HP: 8/24 MP: 3/3
  1541 | D:2      | Gained mutation: You have hoof-like feet. [demonic
                  | ancestry]
  1541 | D:2      | Reached XP level 3. HP: 3/29 MP: 5/5
  1727 | D:2      | Found a shattered altar of Ashenzari.
  1727 | D:2      | Found a glowing golden altar of the Shining One.
  2189 | D:2      | Found a white marble altar of Elyvilon.
  2344 | D:2      | Found a stormy altar of Qazlal.
  2344 | D:2      | Found an ancient bone altar of Kikubaaqudgha.
  2507 | D:2      | HP: 1/29 [orc wizard/+0 dagger (1)]
  2508 | D:2      | Mangled by an orc

Levels and vault maps discovered:
D:1:      minmay_arrival_jagged, layout_basic, serial_forest,
          infiniplex_forest_corner_2, infiniplex_forest_straight_5,
          infiniplex_forest_end_3, infiniplex_forest_join,
          infiniplex_forest_straight_3, infiniplex_forest_straight_3,
          infiniplex_forest_straight_4, infiniplex_forest_lined_3,
          infiniplex_forest_end_3, minmay_misc_feat_pillars
D:2:      layout_basic, nicolae_overflow_hidden_temple,
          chequers_temple_overflow_statue_of_worship,
          gammafunk_temple_overflow_statue
D:3:      layout_rooms, marbit_many_paths

Skill      XL: |  1  2  3 |
---------------+----------+-----
Long Blades    | 2 |  2.5
Dodging        | 1 |  1.3
Armour         | 2 |  2.2
Invocations    | 3 |  3.0
Fighting       | |  3.2

Action                   || total
-------------------------++-------
Melee: Falchion          ||    27
       Mace              ||    63
       Kick              ||    10
Invok: Depart the Abyss  ||     1
  Use: Potion            ||     2
  Eat: Chunk             ||     4
Armor: Leather armour    ||    31
Dodge: Dodged            ||    74
       Rpst.: Falchion   ||     7

Table legend:
 A = Non-vault XP
 B = Vault XP
 C = Vault XP percentage of total XP
 D = Non-vault monster count
 E = Vault monster count
 F = Vault count percentage of total count
                 A         B        C        D         E       F
            +---------+---------+-------+---------+---------+-------
      Total |      69 |       0 |   0.0 |      30 |       0 |   0.0
            +---------+---------+-------+---------+---------+-------
        D:1 |      27 |       0 |   0.0 |      15 |       0 |   0.0
        D:2 |      41 |       0 |   0.0 |      14 |       0 |   0.0
        D:3 |       1 |       0 |   0.0 |       1 |       0 |   0.0
            +---------+---------+-------+---------+---------+-------
